 Dungeon Crawl Stone Soup version 0.25.1-2-g60ff931df9 (webtiles) character file.

Game seed: 5546162023808090997

12933 hawla the Nimble (level 11, 0/104 HPs)
             Began as a Minotaur Gladiator on Nov 1, 2020.
             Was an Initiate of Gozag.
             Killed by vampiric draining
             ... invoked by Josephine
              (11 damage)
             ... on level 11 of the Dungeon on Nov 2, 2020.
             The game lasted 00:39:01 (12653 turns).

hawla the Nimble (Minotaur Gladiator)              Turns: 12653, Time: 00:39:02

Health: 0/104      AC: 10    Str: 22    XL:     11   Next: 68%
Magic:  10/10      EV: 20    Int:  3    God:    Gozag
Gold:   1783       SH:  0    Dex: 12    Spells: 10/10 levels left

rFire    + . .     SeeInvis .   b - +3 rapier (holy)
rCold    + . .     Gourm    .   (no shield)
rNeg     . . .     Faith    .   s - +2 leather armour {rF+}
rPois    +         Spirit   .   c - +0 hat
rElec    +         Reflect  .   w - +0 cloak
rCorr    .         Harm     .   k - +2 pair of gloves
MR       +....                  (no boots)
Stlth    +.........             v - amulet of the acrobat
HPRegen  0.27/turn              i - ring of protection from magic
MPRegen  0.12/turn              g - +4 ring of evasion

@: slowed, heavily drained, very slow
A: retaliatory headbutt, horns 2, cold resistance 1, dopey 1, sense surroundings
1, poison resistance, robust 1, screaming 1, electricity resistance, subdued
magic 1
a: Potion Petition, Call Merchant, Bribe Branch, Renounce Religion


You were on level 11 of the Dungeon.
You worshipped Gozag.
Gozag was most pleased with you.
You were not hungry.

You visited 2 branches of the dungeon, and saw 12 of its levels.
You visited the Abyss 1 time.
You also visited: Sewer.

You collected 1869 gold pieces.
You paid 86 gold pieces to Gozag.

Inventory:

Hand Weapons
 b - a +3 rapier of holy wrath (weapon)
 e - a +2 dagger of venom
 j - the +1 short sword of Henumpa {vorpal, rElec rPois rC- MP+9}
   (You took it off an orc wizard on level 10 of the Dungeon)

   It inflicts extra damage upon your enemies.
   It makes you vulnerable to cold.
   It insulates you from electricity.
   It protects you from poison.
   It affects your magic capacity (+9).
 p - a +0 dagger of draining
 u - a +0 great sword
Missiles
 h - 75 poisoned darts
 F - 3 javelins (quivered)
Armour
 c - a +0 hat (worn)
 k - a +2 pair of gloves (worn)
 s - a +2 leather armour of fire resistance (worn)
 w - a +0 cloak (worn)
 y - the +0 chain mail of Loarov {rC- rN++ rCorr SInv}
   (You found it on level 4 of the Dungeon)

   It makes you vulnerable to cold.
   It greatly protects you from negative energy.
   It lets you see invisible.
   It provides partial protection from all sources of acid and corrosion.
Jewellery
 g - a +4 ring of evasion (right hand)
 i - a ring of protection from magic (left hand)
 m - an uncursed ring of protection from fire
 v - an amulet of the acrobat (around neck)
Wands
 o - a wand of flame (18)
 A - a wand of iceblast (6)
Scrolls
 d - 3 scrolls of identify
 q - 5 scrolls of teleportation
 z - 6 scrolls of magic mapping
 B - a scroll of enchant weapon
 C - 2 scrolls of enchant armour
 J - 2 scrolls of remove curse
Potions
 l - a potion of curing
 n - 2 potions of cancellation
 r - 4 potions of stabbing
 t - a potion of ambrosia
 x - a potion of lignification
 D - a potion of flight
 H - a potion of mutation
Miscellaneous
 E - a box of beasts
Comestibles
 f - 9 rations


   Skills:
 + Level 8.5(5.9) Fighting
 + Level 9.1(7.7) Short Blades
 + Level 9.4(8.3) Long Blades
 + Level 3.8(1.5) Throwing
 + Level 10.0(7.3) Armour
 * Level 11.3(8.5) Dodging
 - Level 2.5(0.2) Stealth


You had 10 spell levels left.
You didn't know any spells.
Your spell library was empty.

Dungeon Overview and Level Annotations

Branches:
Dungeon (11/15)            Temple (1/1) D:6            Lair (0/6) D:8
    Orc (0/2) D:9           Sewer (visited)

Altars:
Cheibriados
Dithmenos
Gozag
Kikubaaqudgha
Makhleb
Nemelex Xobeh
Ru
Trog
Vehumet
Xom
Yredelemnul

Annotations:
D:9 exclusion: obsidian statue, zeroc00l's ghost, novice CeHu
D:10 2 runed translucent doors
D:11 Josephine


Innate Abilities, Weirdness & Mutations

You reflexively headbutt those who attack you in melee.
You have a pair of horns on your head.
Your flesh is cold resistant. (rC+)
You are dopey. (Int -2)
You passively map a small area around you.
Your system is resistant to poisons. (rPois)
You are robust. (+10% HP)
You occasionally shout uncontrollably at your foes.
You are resistant to electric shocks. (rElec)
Your spells are a little easier to cast, but a little less powerful.


Message History

You hit Josephine. You headbutt Josephine!
Josephine is almost dead.
The skeletal warrior is no longer distracted by gold.
The skeletal warrior throws a stone.
The stone hits you!
Josephine is infused with unholy energy.
* * * LOW HITPOINT WARNING * * *
Josephine draws life force from you and is healed!
You feel better.
The skeletal warrior throws a stone.
The stone hits you but does no damage. Josephine misses you.
The skeletal warrior throws a stone.
The stone completely misses you. Josephine hits you with a +0 dagger!
* * * LOW HITPOINT WARNING * * *
As you read the scroll of fear, it crumbles to dust.
You assume a fearsome visage.
Josephine looks frightened!
The skeletal warrior is unaffected.
The skeletal warrior throws a stone.
The stone hits you!
* * * LOW HITPOINT WARNING * * *
Josephine is infused with unholy energy.
You die...
Your body crumbles into a pile of gold.

....#....##...##
#.≈##..≈# #.
.......#.####..#
######### ##
......#### #..# *, #
#....## ##.## ##
....#. ,* #...# , #.
......# ###..## , #.
.......,,..#.....# *
##.
...#.............##
* ##..
.....)..........@@#*
** .####... .....
...........#
........ ....
.z##..##......
,........ ...# .#
##.*###......
........ #..#, ##
*,...... ........ #
. * ....(( ........
#.. , * .#####
........ .... , *
#....... ...., ,
##......


You could see Josephine (fleeing) and a skeletal warrior.

Vanquished Creatures
  A purple draconian (Abyss:2)
  2 skeletal warriors (D:11)
  A deep elf mage (D:10)
  2 large abominations (Abyss:2)
  A gargoyle (D:10)
  A troll (D:10)
  A hornet (D:11)
  2 hippogriffs
  5 wraiths
  A spriggan (D:8)
  4 fire bats (D:11)
  A ynoxinul (Abyss:2)
  3 neqoxecs (Abyss:2)
  A steam dragon (D:11)
  A small abomination (Abyss:2)
  Duvessa (D:3)
  A hell hound (D:11)
  2 porcupines (D:8)
  4 ice beasts
  2 phantoms
  9 orc warriors
  2 sky beasts (D:7)
  2 black bears (D:8)
  A necrophage (D:10)
  6 ogres
  3 centaurs
  3 crocodiles
  2 big kobolds
  A bullfrog (D:7)
  A gnoll sergeant (D:6)
  A water moccasin zombie (D:8)
  A scorpion (D:9)
  Dowan (D:4)
  4 wights
  13 killer bees
  9 howler monkeys
  2 lava snakes (D:11)
  7 crimson imps
  A bullfrog skeleton (D:9)
  A bullfrog zombie (D:7)
  10 hounds
  3 jellies
  7 orc priests
  3 iguanas
  11 orc wizards
  7 worker ants
  2 hound skeletons (D:6)
  4 gnolls (D:6)
  4 river rats (Sewer)
  10 adders
  3 oozes
  An adder zombie (D:6)
  6 adder skeletons
  A worm (D:6)
  A dart slug (D:2)
  7 leopard geckos
  52 orcs
  4 bats
  5 giant cockroaches
  17 goblins
  11 hobgoblins
  9 jackals
  3 quokkas
  6 ball pythons
  8 frilled lizards
  23 kobolds
  A quokka skeleton (D:7)
  13 rats
  2 fire vortices (D:11)
  A fungus (D:8)
342 creatures vanquished.

Vanquished Creatures (others)
  2 orc wizards
  A fire vortex (D:11)
  A fungus (D:8)
  A lurking horror (Abyss:2)
  A plant (D:8)
6 creatures vanquished.

Grand Total: 348 creatures vanquished

Notes
Turn   | Place    | Note
-------+----------+-------------------------------------------
     0 | D:1      | hawla the Minotaur Gladiator began the quest for the Orb.
     0 | D:1      | Reached XP level 1. HP: 18/18 MP: 0/0
   192 | D:1      | Reached XP level 2. HP: 20/25 MP: 1/1
   868 | D:2      | Found a shadowy altar of Dithmenos.
  1026 | D:2      | Reached skill level 4 in Dodging
  1026 | D:2      | Reached XP level 3. HP: 28/30 MP: 2/2
  1426 | D:2      | Reached XP level 4. HP: 33/37 MP: 3/3
  1619 | D:2      | You fall into a shaft and drop 1 floor!
  2072 | D:3      | Reached skill level 1 in Armour
  2079 | D:3      | Reached skill level 5 in Long Blades
  2219 | D:2      | Reached XP level 5. HP: 10/45 MP: 4/4
  2490 | D:3      | Found a burning altar of Makhleb.
  2634 | D:3      | Reached skill level 1 in Short Blades
  2675 | D:4      | Noticed Dowan
  2676 | D:4      | Noticed Duvessa
  2681 | D:4      | Noticed an ogre
  2688 | D:4      | Killed Dowan
  2688 | D:4      | Reached skill level 1 in Stealth
  2718 | D:3      | Killed Duvessa
  2718 | D:3      | Reached skill level 5 in Dodging
  2718 | D:3      | Reached XP level 6. HP: 51/51 MP: 5/5
  2777 | D:4      | Reached XP level 7. HP: 39/58 MP: 6/6
  3224 | D:4      | Found a bloodstained altar of Trog.
  3334 | D:4      | Got a twisted chain mail
  3345 | D:4      | Identified the cursed +0 chain mail of Loarov {rC- rN++
                  | rCorr SInv} (You found it on level 4 of the Dungeon)
  3472 | D:4      | You fall into a shaft and drop 1 floor!
  3472 | D:5      | Entered Level 5 of the Dungeon
  3555 | D:5      | Reached skill level 6 in Dodging
  3674 | D:5      | Found a glowing drain.
  3679 | Sewer    | Entered a sewer
  4349 | D:5      | Found a bloodstained altar of Trog.
  4505 | D:5      | Reached XP level 8. HP: 67/67 MP: 7/7
  4542 | D:5      | Reached skill level 7 in Dodging
  5177 | D:6      | Reached skill level 5 in Armour
  5177 | D:6      | Reached skill level 8 in Dodging
  5458 | D:6      | Reached skill level 5 in Fighting
  5706 | D:6      | Found a staircase to the Ecumenical Temple.
  5725 | Temple   | Entered the Ecumenical Temple
  5735 | Temple   | Became a worshipper of Gozag Ym Sagoz the Greedy
  5938 | D:6      | Reached skill level 9 in Dodging
  5938 | D:6      | Reached XP level 9. HP: 63/74 MP: 8/8
  6400 | D:7      | Gained mutation: Your flesh is cold resistant. (rC+)
                  | [potion of mutation]
  6400 | D:7      | Gained mutation: You are robust. (+10% HP) [potion of
                  | mutation]
  6400 | D:7      | Gained mutation: You are resistant to electric shocks.
                  | (rElec) [potion of mutation]
  6400 | D:7      | Gained mutation: You passively map a small area around you.
                  | [potion of mutation]
  6466 | D:7      | Found a sacrificial altar of Ru.
  6466 | D:7      | Found a radiant altar of Vehumet.
  6838 | D:7      | Found a snail-covered altar of Cheibriados.
  6899 | D:7      | Found a shimmering altar of Xom.
  6901 | D:7      | Found a shimmering altar of Xom.
  6901 | D:7      | Found a shimmering altar of Xom.
  7281 | D:8      | Reached skill level 5 in Short Blades
  7577 | D:8      | Reached XP level 10. HP: 76/91 MP: 9/9
  7909 | D:8      | Reached skill level 10 in Dodging
  8145 | D:8      | Found a staircase to the Lair.
  8590 | D:9      | Found a staircase to the Orcish Mines.
  8822 | D:9      | Found a runed translucent gate.
  8822 | D:9      | Found a runed translucent gate.
  8822 | D:9      | Found a runed translucent gate.
  8823 | D:9      | Found an opulent altar of Gozag.
  8824 | D:9      | Noticed an obsidian statue
  8830 | D:9      | Noticed zeroc00l's ghost (novice CeHu)
  8930 | D:9      | Cast into level 2 of the Abyss (zeroc00l's ghost)
  8966 | Abyss:2  | Noticed a large abomination
  8980 | Abyss:2  | Killed a large abomination
  9096 | Abyss:2  | Noticed a large abomination
  9108 | Abyss:2  | Killed a large abomination
  9142 | Abyss:2  | Noticed a worldbinder
  9146 | Abyss:2  | Gained mutation: You occasionally shout uncontrollably at
                  | your foes. [a neqoxec]
  9153 | Abyss:2  | Lost intelligence.
  9160 | Abyss:2  | Noticed an orb spider
  9164 | Abyss:2  | Gained mutation: Your spells are a little easier to cast,
                  | but a little less powerful. [a neqoxec]
  9165 | Abyss:2  | Noticed a smoke demon
  9180 | Abyss:2  | Noticed a purple draconian
  9196 | Abyss:2  | Gained mutation: Your system is resistant to poisons.
                  | (rPois) [a neqoxec]
  9198 | Abyss:2  | Gained mutation: You are dopey. (Int -2) [a neqoxec]
  9202 | Abyss:2  | Killed a purple draconian
  9233 | Abyss:2  | Noticed an Executioner
  9242 | D:9      | Escaped the Abyss
  9629 | D:9      | Reached XP level 11. HP: 97/101 MP: 10/10
  9736 | D:10     | Entered Level 10 of the Dungeon
  9816 | D:10     | Found a runed translucent door.
  9821 | D:10     | Noticed a deep elf mage
  9831 | D:10     | Killed a deep elf mage
  9876 | D:10     | Found a runed translucent door.
 10570 | D:10     | Reached skill level 11 in Dodging
 10903 | D:10     | Identified the cursed +1 short sword of Henumpa {vorpal,
                  | rElec rPois rC- MP+9}
 11498 | D:11     | Noticed a skeletal warrior
 11512 | D:11     | Killed a skeletal warrior
 11512 | D:11     | Noticed a skeletal warrior
 11513 | D:11     | Noticed a skeletal warrior
 11562 | D:11     | Killed a skeletal warrior
 11974 | D:11     | Reached skill level 10 in Armour
 12302 | D:11     | Noticed Josephine
 12653 | D:11     | Killed from afar by Josephine

Illustrated notes

Levels and vault maps discovered:
D:1:      evilmike_arrival_rings, layout_basic
D:2:      layout_loops_cross, grunt_dithmenos_smoke, minmay_goblin_outpost
D:3:      layout_loops_ring, makhleb_heckhound_becter
D:4:      layout_loops_ring, first_ration, trog_book, uniq_duvessa
D:5:      layout_loops_corners, portal_sewer_entry_e, trog_three_pillars_becter
D:6:      layout_basic, minmay_temple_entry_offerings, chequers_jeans,
          minmay_pentangle
D:7:      layout_cave_pools, xom_redecorated, cheibriados_altar_1,
          gammafunk_temple_overflow_wave
D:8:      layout_rooms, grunt_lair_entry_orc_guard_hut, the_bakery
D:9:      layout_basic, marbit_many_paths, erik_orc_4, ebering_ghost_gozag
D:10:     cheibrodos_histonic, layout_irregular_city, minmay_orc_keep
D:11:     layout_layer_cave, hangedman_incinerator, uniq_josephine
Temple:   regret_index_temple_sphere_string

Skill      XL: |  1  2  3  4  5  6  7  8  9 10 11 |
---------------+----------------------------------+-----
Long Blades    | 4 5 8 9 |  9.4
Dodging        | 4 5 6 9 10 11 | 11.3
Fighting       | 3 4 5 6 7 8 |  8.5
Armour         | 1 2 3 4 5 6 8 10 | 10.0
Short Blades   | 1 2 3 4 5 7 9 |  9.1
Stealth        | 1 2 |  2.5
Throwing       | 3 |  3.8

Action                   |  1- 3 |  4- 6 |  7- 9 | 10-12 || total
-------------------------+-------+-------+-------+-------++-------
Melee: Long sword        |    46 |       |   135 |       ||   181
       Headbutt          |     8 |    25 |   109 |   126 ||   268
       Dagger            |     6 |   110 |   317 |   356 ||   789
       Rapier            |       |     8 |    32 |   224 ||   264
       Great sword       |       |       |       |    14 ||    14
Throw: Throwing net      |     1 |       |       |     2 ||     3
       Dart              |       |       |       |    15 ||    15
       Boomerang         |       |       |       |    10 ||    10
       Javelin           |       |       |       |     3 ||     3
Evoke: Wand              |       |       |       |     2 ||     2
  Use: Scroll            |     3 |     6 |     8 |    12 ||    29
       Potion            |       |     1 |     1 |    17 ||    19
 Stab: Sleeping          |       |     2 |     4 |       ||     6
       Distracted        |       |       |     1 |     1 ||     2
       Invisible         |       |       |       |     5 ||     5
  Eat: Chunk             |     2 |     4 |     9 |       ||    15
       Ration            |       |       |     2 |     5 ||     7
Armor: Leather armour    |     6 |    12 |    54 |    20 ||    92
       Chain mail        |       |       |    45 |   144 ||   189
       Skin              |       |       |       |     4 ||     4
Dodge: Dodged            |    49 |    90 |   376 |   552 ||  1067
       Rpst.: Long sword |    14 |       |    26 |       ||    40
       Great sword       |       |       |       |     5 ||     5
